 Dungeon Crawl Stone Soup version 0.28-a0-1447-ga5a8893891 (webtiles) character file.

Game seed: 7524480049694308599

164 cheechan the Digger (level 5, 0/32 HPs)
             Began as an Octopode Earth Elementalist on Jan 11, 2022.
             Was an Initiate of Zin.
             Slain by a gnoll (2 damage)
             ... on level 3 of the Dungeon.
             The game lasted 00:11:27 (2157 turns).

cheechan the Digger (Octopode Earth Elementalist)   Turns: 2157, Time: 00:11:27

Health: 0/32       AC:  5    Str:  8    XL:     5   Next: 45%
Magic:  8/9        EV: 13    Int: 19    God:    Zin [......]
Gold:   67         SH:  0    Dex: 10    Spells: 4/10 levels left

rFire   . . .      SeeInvis .   c - +2 dagger (venom)
rCold   + . .      Faith    .   (no shield)
rNeg    . . .      Spirit   .   d - +0 hat
rPois   .          Reflect  .   (no amulet)
rElec   .          Harm     .   a - +4 ring of protection
rCorr   .          Rampage  .   l - ring of protection from cold
Will    .....                   (no ring)
Stlth   +++.......              (no ring)
HPRegen 0.10/turn               (no ring)
MPRegen 0.11/turn               (no ring)
                                (no ring)
                                (no ring)

@: lethally poisoned (0 -> -1), studying Crossbows
A: almost no armour, amphibious, 8 rings, camouflage 1, gelatinous body 1,
(nimble swimmer 1), tentacles, clumsy 1, subdued magic 1
a: Renounce Religion, Donate Gold


You were on level 3 of the Dungeon.
You worshipped Zin.
Zin was noncommittal.
You visited 1 branch of the dungeon, and saw 3 of its levels.

You collected 74 gold pieces.
You donated 7 gold pieces to Zin.

Inventory:

Hand Weapons
 b - a +2 dagger of distortion
 c - a +2 dagger of venom (weapon)
Missiles
 e - 14 arrows
 f - 23 bolts
 h - 48 stones
Armour
 d - a +0 hat (worn)
Jewellery
 a - a +4 ring of protection (left tentacle)
 l - a ring of protection from cold (right tentacle)
Wands
 i - a wand of flame (14)
Potions
 g - a potion of haste {unknown}
 k - 2 potions of curing


   Skills:
 + Level 0.3 Fighting
 + Level 0.3 Short Blades
 + Level 0.9 Staves
 + Level 2.5 Dodging
 + Level 3.6 Stealth
 + Level 0.5 Unarmed Combat
 + Level 3.2 Spellcasting
 + Level 1.0 Transmutations
 + Level 4.1 Earth Magic


You had 4 spell levels left.
You knew the following spells:

 Your Spells              Type           Power      Damage    Failure   Level
a - Sandblast             Erth           28%        2d8       1%          1
b - Passwall              Tmut/Erth      7%         N/A       6%          2
c - Stone Arrow           Conj/Erth      16%        3d8       16%         3

Your spell library contained the following spells:

 Spells                   Type           Power      Damage    Failure   Level
 Petrify                  Tmut/Erth      9%         N/A       41%         4


Dungeon Overview and Level Annotations

Branches:
Dungeon (3/15)

Altars:
Cheibriados
Gozag
Zin


Innate Abilities, Weirdness & Mutations

You cannot wear most types of armour.
You are amphibious.
You can wear up to eight rings at the same time.
Your skin changes colour to match your surroundings (Stealth+).
Your rubbery body absorbs attacks. (AC +1, EV +1)
((You are camouflaged when in or above water. (Stealth+)))
You have tentacles for arms and can constrict up to eight enemies at once.
You are clumsy. (Dex -2)
Your spells are a little easier to cast, but a little less powerful.


Message History

There is an open door here.
A hobgoblin comes into view.
The gnoll closely misses you. The gnoll hits you but does no damage.
You barely miss the gnoll. You grab the gnoll. Your squeeze misses the gnoll.
You constrict the gnoll, but do no damage.
The gnoll hits you with a +0 club. The gnoll misses you.
You hit the gnoll but do no damage.
The gnoll is poisoned.
You constrict the gnoll, but do no damage.
The gnoll closely misses you. The gnoll misses you.
The gnoll hits you with a +0 spear. The adder bites you.
You are poisoned.
The adder poisons you! The gnoll barely misses you.
You hit the gnoll.
The gnoll is poisoned.
You grab the gnoll.
The gnoll is lightly wounded.
You constrict the gnoll.
You constrict the gnoll, but do no damage.
You feel sick. The adder bites you but does no damage.
The gnoll completely misses you. The gnoll hits you with a +0 spear.
The gnoll completely misses you. The gnoll hits you but does no damage.
You hit the gnoll.
The gnoll is moderately wounded.
You constrict the gnoll.
You constrict the gnoll, but do no damage.
You feel sick. The adder barely misses you. The gnoll barely misses you.
The gnoll hits you with a +0 spear. The gnoll closely misses you.
The gnoll hits you with a +0 flail.
* * * LOW HITPOINT WARNING * * *
Casting: Sandblast (safe; 1% risk of failure)
Confirm with . or Enter, or press ? or * to list all spells.
Aiming: Sandblast (safe; 1% risk of failure)
Press: ? - help, Shift-Dir - straight line, f - gnoll
Aim: a gnoll, wielding a +0 spear and quivering a throwing net (moderately wounded, constricted by you, poisoned, 100% to hit)
The blast of sand hits the gnoll.
The gnoll is severely wounded.
You constrict the gnoll. x2; You feel sick.
The adder bites you but does no damage. The gnoll closely misses you.
The gnoll hits you with a +0 club.
* * * LOW HITPOINT WARNING * * *
The gnoll hits you with a +0 spear.
You die...

... .... #########
.....### #........
.....#.#########.S...?..
.....#.........g@gg.....
.....#.#########gg......
.............# #S.......
####...†.....# #........
#.........# #........
###'####### #........
######.# #........
.......#
##<###############
######## #.............†


You could see 4 gnolls, 2 adders and a hobgoblin.

Vanquished Creatures
  Crazy Yiuf (D:2)
  5 adders
  2 worms (D:2)
  4 dart slugs
  5 bats
  7 endoplasms
  4 giant cockroaches
  7 hobgoblins
  5 jackals
  4 kobolds
  4 quokkas
  7 ball pythons
  A frilled lizard (D:1)
  2 goblins (D:1)
  6 rats
64 creatures vanquished.

Notes
Turn   | Place    | Note
-------+----------+-------------------------------------------
     0 | D:1      | cheechan the Octopode Earth Elementalist began the quest
                  | for the Orb.
     0 | D:1      | Reached XP level 1. HP: 11/11 MP: 3/3
   155 | D:1      | Reached XP level 2. HP: 17/17 MP: 0/5
   537 | D:1      | Reached XP level 3. HP: 21/21 MP: 3/6
   971 | D:2      | Reached XP level 4. HP: 18/27 MP: 8/8
  1101 | D:2      | Learned a level 2 spell: Passwall
  1105 | D:2      | Learned a level 3 spell: Stone Arrow
  1298 | D:2      | Found a runed translucent door.
  1299 | D:2      | Noticed Crazy Yiuf
  1309 | D:2      | Killed Crazy Yiuf
  1310 | D:2      | Reached skill level 4 in Earth Magic
  1317 | D:2      | Gained mutation: Your spells are a little easier to cast,
                  | but a little less powerful. [mutagenic glow]
  1327 | D:2      | Gained mutation: You are clumsy. (Dex -2) [mutagenic glow]
  1502 | D:2      | Reached XP level 5. HP: 27/31 MP: 9/9
  1851 | D:3      | Found a glowing silver altar of Zin.
  1870 | D:3      | Found a snail-covered altar of Cheibriados.
  1870 | D:3      | Found an opulent altar of Gozag.
  1896 | D:3      | Became a worshipper of Zin the Law-Giver
  2157 | D:3      | Slain by a gnoll

Illustrated notes

Levels and vault maps discovered:
D:1:      roderic_chinese_lattice_arrival, layout_basic, minmay_distorted
D:2:      minmay_chambers_of_twos, layout_loops_ring,
          hangedman_decor_peaks_small, uniq_crazy_yiuf_cottage
D:3:      layout_basic, grunt_temple_overflow_open

Skill      XL: |  1  2  3  4 |
---------------+-------------+-----
Stealth        | 3 |  3.6
Spellcasting   | 3 |  3.2
Earth Magic    | 4 |  4.1
Fighting       | |  0.3
Short Blades   | |  0.3
Staves         | |  0.9
Dodging        | |  2.5
Unarmed Combat | |  0.5
Transmutations | |  1.0

Action                   |  1- 3 |  4- 6 || total
-------------------------+-------+-------++-------
Melee: Unarmed           |    21 |       ||    21
       Tentacles         |     5 |     7 ||    12
       Constrict         |     9 |    14 ||    23
       Dagger            |    15 |    16 ||    31
       Punch             |     2 |       ||     2
       Quarterstaff      |       |    37 ||    37
 Cast: Sandblast         |    30 |     5 ||    35
       Passwall          |       |     5 ||     5
  Use: Scroll            |     4 |     1 ||     5
       Potion            |     1 |       ||     1
 Stab: Sleeping          |     2 |    12 ||    14
Armor: Skin              |    12 |    17 ||    29
Dodge: Dodged            |    40 |    42 ||    82

Table legend: (Time is in decaauts)
 A = Elapsed time spent in this place.
 B = Non-inter-level travel time spent in this place.
 C = Inter-level travel time spent in this place.
 D = Time resting spent in this place.
 E = Time spent auto-exploring this place.
 F = Levels seen in this place.
 G = Mean time per level.
                   A        B        C        D        E       F      G
               +--------+--------+--------+--------+--------+-----+--------+
         Total |   2164 |   2164 |      0 |    126 |      0 |   3 |  721.3 |
       Dungeon |   2164 |   2164 |      0 |    126 |      0 |   3 |  721.3 |
               +--------+--------+--------+--------+--------+-----+--------+

Top non-repeatable levels by time:
     D:2: 982 daAuts
     D:1: 807 daAuts
     D:3: 374 daAuts
